 Dungeon Crawl Stone Soup version 0.31-a0-744-gbc345e7fcb (webtiles) character file.

Game seed: 5656353244288162550

4 Aneyh the Ducker (level 1, 0/14 HPs)
             Began as a Tengu Monk on Sept 14, 2023.
             Slain by a kobold
             ... wielding a +1 dagger of freezing
              (3 damage)
             ... on level 1 of the Dungeon.
             The game lasted 00:00:22 (79 turns).

Aneyh the Ducker (Tengu Monk)                         Turns: 79, Time: 00:00:23

Health: 0/14       AC:  2    Str: 11    XL:     1   Next: 60%
Magic:  2/2        EV: 13    Int: 10    God:
Gold:   21         SH:  0    Dex: 16    Spells: 0/0 levels left

rFire   . . .        a - +0 spear
rCold   . . .        (no shield)
rNeg    . . .        b - +0 robe
rPois   .            (helmet restricted)
rElec   .            (no cloak)
rCorr   .            (no gloves)
SInv    .            (boots unavailable)
Will    .....        (no amulet)
Stlth   +            (no ring)
HPRegen 0.22/turn    (no ring)
MPRegen 0.08/turn

%: acrobat
@: no status effects
A: beak, talons 3, acrobatic
a: no special abilities


You were on level 1 of the Dungeon.
You visited 1 branch of the dungeon, and saw 1 of its levels.

You collected 21 gold pieces.

Inventory:

Hand Weapons
 a - a +0 spear (weapon)
Armour
 b - a +0 robe (worn)
 d - an orb of light
Potions
 c - a potion of ambrosia


   Skills:
 + Level 3.0 Fighting
 + Level 3.4 Polearms
 - Level 3.4 Dodging


You couldn't memorise any spells.
You didn't know any spells.
Your spell library was empty.

Dungeon Overview and Level Annotations

Branches:
Dungeon (1/15)

Altars:


Innate Abilities, Weirdness & Mutations

You have a beak for a mouth.
You have claws for feet.
You can magically evade attacks while moving or waiting.


Message History

The kobold is moderately wounded.
You closely miss the kobold.
The kobold is moderately wounded.
The kobold hits you with a +1 dagger of freezing.
The kobold freezes you.
You miss the kobold.
The kobold is moderately wounded.
The kobold hits you with a +1 dagger of freezing.
The kobold freezes you.
You barely miss the kobold.
The kobold is moderately wounded.
The kobold hits you with a +1 dagger of freezing.
The kobold freezes you.
You are too injured to fight recklessly!
You are too injured to fight recklessly!
You barely miss the kobold. Your peck misses the kobold.
The kobold is moderately wounded.
The kobold hits you but does no damage.
You hit the kobold but do no damage.
The kobold is moderately wounded.
The kobold misses you.
You barely miss the kobold. Your kick misses the kobold.
Your peck misses the kobold.
The kobold is moderately wounded.
The kobold barely misses you.
You barely miss the kobold.
The kobold is moderately wounded.
You barely miss the kobold. You claw the kobold, but do no damage.
The kobold is moderately wounded.
The kobold misses you.
You completely miss the kobold.
The kobold is moderately wounded.
The kobold hits you with a +1 dagger of freezing.
* * * LOW HITPOINT WARNING * * *
The kobold freezes you.
* * * LOW HITPOINT WARNING * * *
You hit the kobold but do no damage.
The kobold is moderately wounded.
The kobold hits you with a +1 dagger of freezing.
You die...

..........####..#.##.##
###.#...##.............
###.###.##.###..........
....###.##.###....#.....
.......................
....#................#
###...#.##.####).##..#
##...#..............#
##..#.####.###..@K...#
......# ##.....#..#
##..#.# #...†..........
#...### ###..#.#.#..#.#
#.#.... ......#.#..#
....... ....#..... .#
........###..#...... #
........# #..#.......
........#


You could see a kobold.

Vanquished Creatures
  A hobgoblin (D:1)
  A ball python (D:1)
  2 frilled lizards (D:1)
  A kobold (D:1)
5 creatures vanquished.

Notes
Turn   | Place    | Note
-------+----------+-------------------------------------------
     0 | D:1      | Aneyh the Tengu Monk began the quest for the Orb.
     0 | D:1      | Reached XP level 1. HP: 14/14 MP: 2/2
    79 | D:1      | Slain by a kobold

Illustrated notes

Levels and vault maps discovered:
D:1:      wander_arrival_desolate, layout_basic

Action                     || total
---------------------------++-------
  Melee: Spear             ||    20
         Kick              ||     1
   Stab: Sleeping          ||     1
 Armour: Robe              ||     8
  Dodge: Dodged            ||     8

Table legend: (Time is in decaauts)
 A = Elapsed time spent in this place.
 B = Non-inter-level travel time spent in this place.
 C = Inter-level travel time spent in this place.
 D = Time resting spent in this place.
 E = Time spent auto-exploring this place.
 F = Levels seen in this place.
 G = Mean time per level.
                   A        B        C        D        E       F      G
               +--------+--------+--------+--------+--------+-----+--------+
         Total |     77 |     77 |      0 |      0 |     39 |   1 |   77.0 |
       Dungeon |     77 |     77 |      0 |      0 |     39 |   1 |   77.0 |
               +--------+--------+--------+--------+--------+-----+--------+

Top non-repeatable levels by time:
     D:1: 77 daAuts
